 Dungeon Crawl Stone Soup version 0.29.1-13-g9f3cf754e1 (webtiles) character file.

Game seed: 10933732973548940110

30 croobank the Sneak (level 3, -9/26 HPs)
             Began as an Octopode Delver on Feb 11, 2023.
             Mangled by an orc priest
             ... wielding a +0 war axe
              (12 damage)
             ... on level 6 of the Dungeon.
             The game lasted 00:00:43 (381 turns).

croobank the Sneak (Octopode Delver)                 Turns: 381, Time: 00:00:43

Health: -9/26      AC:  1    Str: 11    XL:     3   Next: 20%
Magic:  3/3        EV: 13    Int: 14    God:
Gold:   0          SH:  0    Dex: 13    Spells: 2/2 levels left

rFire   . . .      SeeInvis .   a - +0 hand axe
rCold   . . .      Faith    .   (no shield)
rNeg    . . .      Spirit   .   (helmet restricted)
rPois   .          Reflect  .   (no amulet)
rElec   .          Harm     .   (no ring)
rCorr   .          Rampage  .   (no ring)
Will    .....                   (no ring)
Stlth   ++++......              (no ring)
HPRegen 0.08/turn               (no ring)
MPRegen 0.08/turn               (no ring)
                                (no ring)
                                (no ring)

@: no status effects
A: almost no armour, amphibious, 8 rings, camouflage 1, gelatinous body 1,
(nimble swimmer 1), tentacles
a: no special abilities


You were on level 6 of the Dungeon.
You visited 1 branch of the dungeon, and saw 2 of its levels.

Inventory:

Hand Weapons
 a - a +0 hand axe (weapon)
 g - a +0 short sword
Wands
 f - a wand of digging (3)
Scrolls
 b - a scroll of fog
 c - a scroll of magic mapping
 d - a scroll of fear
Potions
 e - a potion of haste


   Skills:
 + Level 3.3 Fighting
 + Level 2.4 Axes
 + Level 2.4 Dodging
 + Level 7.0 Stealth


You had 2 spell levels left.
You didn't know any spells.
Your spell library was empty.

Dungeon Overview and Level Annotations

Branches:
Dungeon (6/15)
 Temple: D:4-7

Altars:


Innate Abilities, Weirdness & Mutations

You cannot wear most types of armour.
You are amphibious.
You can wear up to eight rings at the same time.
Your skin changes colour to match your surroundings (Stealth+).
Your rubbery body absorbs attacks. (AC +1, EV +1)
((You are camouflaged when in or above water. (Stealth+)))
You have tentacles for arms and can constrict up to eight enemies at once.


Message History

Found 15 gold pieces.
Things that are here:
a +0 war axe; a +0 ring mail; an orc skeleton The orc shouts!
The orc priest shouts!
The orc priest barely misses you.
You hit the orc priest. You grab the orc priest.
The orc priest is lightly wounded.
You closely miss the orc.
You constrict the orc priest, but do no damage.
The orc priest hits you with a +0 war axe.
The orc barely misses you.
You closely miss the orc. You grab the orc. You tentacle-slap the orc.
The orc is lightly wounded.
You hit the orc priest but do no damage.
You constrict the orc, but do no damage.
You constrict the orc priest, but do no damage.
The orc barely misses you. The orc priest misses you.
You hit the orc priest. You squeeze the orc priest.
The orc priest is heavily wounded.
You hit the orc. You constrict the orc. You constrict the orc priest.
The orc priest hits you with a +0 war axe!
The orc barely misses you. The orc hits you with a +0 mace.
* * * LOW HITPOINT WARNING * * *
The orc priest barely misses you.
You hit the orc priest but do no damage.
The orc priest is heavily wounded.
You hit the orc but do no damage.
You constrict the orc, but do no damage.
You constrict the orc priest, but do no damage.
The orc priest hits you with a +0 war axe.
* * * LOW HITPOINT WARNING * * *
The orc barely misses you.
You hit the orc priest but do no damage.
You squeeze the orc priest.
The orc priest is severely wounded.
You hit the orc.
You kill the orc!
You constrict the orc priest, but do no damage.
The orc priest hits you with a +0 war axe!
You die...

.... .... .$..
..... #..# ...#
##..##...#
#........#
#....s...#
#.)......#
#.o@.....#
##########)....#
#.....####.†...##
#...............#
#...............#
#...............#
#...............#
#...............#
#...............#


You could see a scorpion and an orc priest.

Vanquished Creatures
  An orc priest (D:6)
  2 orcs (D:6)
3 creatures vanquished.

Notes
Turn   | Place    | Note
-------+----------+-------------------------------------------
     0 | D:5      | croobank the Octopode Delver began the quest for the Orb.
     0 | D:5      | Reached XP level 1. HP: 16/16 MP: 1/1
     1 | D:6      | Noticed an ogre
    22 | D:6      | Noticed an orc priest
    29 | D:6      | Killed an orc priest
    30 | D:6      | Reached XP level 2. HP: 2/21 MP: 2/2
    30 | D:6      | Reached XP level 3. HP: 2/26 MP: 3/3
   258 | D:6      | Noticed a scorpion
   331 | D:6      | Reached skill level 7 in Stealth
   381 | D:6      | Mangled by an orc priest

Illustrated notes

Levels and vault maps discovered:
D:5:      layout_loops_corners, led_xom_imps, minmay_manual_monstrance
D:6:      layout_gridville, minmay_temple_entry_fiery

Skill      XL: |  1  2  3 |
---------------+----------+-----
Stealth        | 7 |  7.0
Fighting       | |  3.3
Axes           | |  2.4
Dodging        | |  2.4

Action                   || total
-------------------------++-------
Melee: Hand axe          ||    13
       Tentacles         ||     5
       Constrict         ||     4
       Punch             ||     1
 Stab: Sleeping          ||     1
Dodge: Dodged            ||    11
